 Dungeon Crawl Stone Soup version 0.32-a0-876-gcfddb08e57 (webtiles) character file.

Game seed: 2910558178223086020

1774595 PetalousPanoply the Invulnerable (level 27, 225/225 HPs)
             Began as a Minotaur Fighter on Mar 29, 2024.
             Was a High Priest of Okawaru.
             Escaped with the Orb
             ... and 3 runes
             ... and 1 gem on Apr 1, 2024!
             The game lasted 11:59:19 (79971 turns).

PetalousPanoply the Invulnerable (MiFi)            Turns: 79971, Time: 11:59:20

Health: 225/225    AC: 53    Str: 31    XL:     27
Magic:  29/29      EV: 14    Int:  5    God:    Okawaru [*****.]
Gold:   4423       SH: 20    Dex: 10    Spells: 26/26 levels left

rFire   + + .        J - +9 broad axe of Gallantry {vamp, ^Fragile rN+++ Str-2 SInv}
rCold   + + +        i - +5 Storm Queen's Shield {shock, Fly rElec}
rNeg    + + +        R - +5 crystal plate armour {rC+}
rPois   +            I - +2 hat
rElec   +            T - +4 dragonskin cloak {Aegis}
rCorr   .            F - +2 pair of gloves
SInv    +            W - +3 pair of mountain boots {steadfast, rC+}
Will    ++...        X - amulet "Wujetron" {Spirit Str+3 Slay+2} Stlth
                     g - ring of protection from fire
HPRegen 0.57/turn    s - ring "Yzuphaic" {rPois rC+ Dex+3 SInv}
MPRegen 0.21/turn

%: guardian spirit
@: flying, hasted, studying 2 skills, very quick
A: horns 2, retaliatory headbutt, clumsy 2, deterioration 1, dopey 2, fire
resistance 1, frail 1, subdued magic 2, inability to read after injury 2
0: Orb of Zot
}: 3/15 runes: serpentine, barnacled, slimy
a: Renounce Religion, Heroism, Finesse, Duel


You escaped.
You worshipped Okawaru.
Okawaru was extremely pleased with you.
You visited 11 branches of the dungeon, and saw 55 of its levels.
You visited the Abyss 1 time.
You also visited: Sewer, Gauntlet and Ice Cave.

You collected 8137 gold pieces.
You spent 3714 gold pieces at shops.

Inventory:

Hand Weapons
 a - a +7 broad axe of flaming
 B - the +7 hand axe "Tiqunox" {elec, rF++ Stlth+}
   (You bought it in a shop on level 2 of the Snake Pit)

   rF++:      It greatly protects you from fire.
   Stlth+:    It makes you more stealthy.
 J - the +9 broad axe of Gallantry (weapon) {vamp, ^Fragile rN+++ Str-2 SInv}
   (You took it off Tiamat on level 1 of the Realm of Zot)

   Str-2:     It affects your strength (-2).
   rN+++:     It renders you almost immune to negative energy.
   SInv:      It lets you see invisible.
   ^Fragile:  It will be destroyed if unequipped.
 U - the +4 war axe of the Endless Dances {freeze, *Noise rPois rN+ rCorr}
   (You found it on level 3 of the Elven Halls)

   rPois:     It protects you from poison.
   rN+:       It protects you from negative energy.
   *Noise:    It may make a loud noise when swung.
   rCorr:     It protects you from acid and corrosion.
Missiles
 d - 2 throwing nets
 h - 18 silver javelins (quivered)
Armour
 f - a +3 plate armour of fire resistance
 i - the +5 Storm Queen's Shield (worn) {shock, Fly rElec}
   (You acquired it on level 9 of the Dungeon)

   Shock:     When it blocks an attack, it may electrocute the attacker.
   This works even against foes who are a short distance away.
   rElec:     It insulates you from electricity.
   Fly:       It grants you flight.
 k - a scarf of repulsion
 l - a +0 cloak of poison resistance
 n - a +2 pair of boots of flying
 w - the +0 pair of boots of the Vanishing Dreams {rPois rN+}
   (You found it on level 3 of the Vaults)

   rPois:     It protects you from poison.
   rN+:       It protects you from negative energy.
 F - a +2 pair of gloves (worn)
 I - a +2 hat (worn)
 Q - the +2 hat of the Bear Spirit {Spirit, Bear, *Rage Will++}
   (You found it on level 3 of the Snake Pit)

   Bear:      Going berserk makes the wearer exceptionally tough, and they are
   slowed for a shorter time afterward.
   Will++:    It greatly increases your willpower.
   *Rage:     It berserks you when you make melee attacks (+20% chance).
 R - a +5 crystal plate armour of cold resistance (worn)
 T - the +4 dragonskin cloak (worn) {Aegis}
   (You took it off Tiamat on level 1 of the Realm of Zot)

   Avatar's Aegis: It grants the wearer a chance to resist fire, cold, poison,
   electricity, acid, and negative energy.
 W - the +3 pair of mountain boots (worn) {steadfast, rC+}
   (You acquired it on level 3 of the Snake Pit)

   Steadfast: It prevents involuntary movement, except for blinking,
   teleportation, or banishment.
   rC+:       It protects you from cold.
Jewellery
 c - a ring of fire
 g - a ring of protection from fire (left hand)
 j - a ring of willpower
 p - the ring of Qunkued {Str+3 Int+3 Slay+4}
   (You found it on level 1 of the Snake Pit)

   [ring of slaying]

   Str+3:     It affects your strength (+3).
   Int+3:     It affects your intelligence (+3).
   Slay+4:    It affects your accuracy & damage with ranged weapons and melee
   (+4).
 q - a ring of positive energy
 s - the ring "Yzuphaic" (right hand) {rPois rC+ Dex+3 SInv}
   (You found it on level 3 of the Elven Halls)

   [ring of protection from cold]

   Dex+3:     It affects your dexterity (+3).
   rC+:       It protects you from cold.
   rPois:     It protects you from poison.
   SInv:      It lets you see invisible.
 t - the amulet "Toehemeo" {Faith Will+ Slay+5}
   (You found it on level 3 of the Elven Halls)

   [amulet of faith]

   Faith:     It allows you to gain divine favour quickly.
   Slay+5:    It affects your accuracy & damage with ranged weapons and melee
   (+5).
   Will+:     It increases your willpower.
 x - a ring of fire
 H - a ring of resist corrosion
 K - a ring of willpower
 N - the ring "Mahakhla" {rC+ rN+ rCorr Str-4 Int+4}
   (You took it off Tiamat on level 1 of the Realm of Zot)

   [ring of positive energy]

   Str-4:     It affects your strength (-4).
   Int+4:     It affects your intelligence (+4).
   rC+:       It protects you from cold.
   rN+:       It protects you from negative energy.
   rCorr:     It protects you from acid and corrosion.
 X - the amulet "Wujetron" (around neck) {Spirit Str+3 Slay+2}
   (You bought it in a shop on level 7 of the Dungeon)

   [amulet of guardian spirit]

   Spirit:    It causes incoming damage to be divided between your reserves of
   health and magic.
   Str+3:     It affects your strength (+3).
   Slay+2:    It affects your accuracy & damage with ranged weapons and melee
   (+2).
Wands
 P - a wand of digging (20)
Scrolls
 e - 23 scrolls of identify
 o - 4 scrolls of revelation
 v - 3 scrolls of butterflies
 y - a scroll of silence
 z - 19 scrolls of teleportation
 A - 2 scrolls of blinking
 C - 5 scrolls of brand weapon
 E - 6 scrolls of fog
 L - 10 scrolls of immolation
 Z - 8 scrolls of fear
Potions
 b - 3 potions of resistance
 m - 2 potions of cancellation
 r - 7 potions of curing
 u - 6 potions of berserk rage
 D - 6 potions of enlightenment
 G - 5 potions of brilliance
 M - 2 potions of invisibility
 S - 2 potions of might
 V - 10 potions of mutation
 Y - 11 potions of attraction


   Skills:
 - Level 21.0 Fighting
 - Level 22.0 Axes
 * Level 16.7 Throwing
 O Level 27 Armour
 O Level 27 Dodging
 - Level 2.0 Stealth
 * Level 23.8 Shields
 - Level 10.0 Invocations


You had 26 spell levels left.
You didn't know any spells.
Your spell library contained the following spells:

 Spells                   Type           Power      Damage    Failure   Level
 Apportation              Tloc           0%         N/A       93%         1
 Sandblast                Erth           0%         2d4       93%         1
 Shock                    Conj/Air       0%         1d3       93%         1
 Slow                     Hex            0%         N/A       93%         1
 Sting                    Conj/Alch      0%         1d3       93%         1
 Cigotuvi's Dreadful Rot  Necr/Alch/Air  0%         N/A       98%         2
 Ensorcelled Hibernation  Hex/Ice        0%         N/A       98%         2
 Jinxbite                 Hex            0%         N/A       98%         2
 Mercury Vapours          Alch/Air       0%         N/A       98%         2
 Static Discharge         Conj/Air       0%         3-3/arc   98%         2
 Sublimation of Blood     Necr           0%         N/A       98%         2
 Confusing Touch          Hex            0%         N/A       100%        3
 Dazzling Flash           Conj/Hex       0%         N/A       100%        3
 Frozen Ramparts          Ice            0%         1d1       100%        3
 Inner Flame              Hex/Fire       0%         N/A       100%        3
 Mephitic Cloud           Conj/Alch/Air  0%         N/A       100%        3
 Ozocubu's Armour         Ice            0%         N/A       100%        3
 Passwall                 Erth           0%         N/A       100%        3
 Sigil of Binding         Hex            0%         N/A       100%        3
 Stone Arrow              Conj/Erth      0%         3d7       100%        3
 Swiftness                Air            0%         N/A       100%        3
 Teleport Other           Tloc           0%         N/A       100%        3
 Vampiric Draining        Necr           0%         2d6       100%        3
 Volatile Blastmotes      Fire/Tloc      0%         2d10      100%        3
 Anguish                  Hex/Necr       0%         N/A       100%        4
 Brom's Barrelling Bould  Conj/Erth      0%         2d3       100%        4
 Cause Fear               Hex            0%         N/A       100%        4
 Dimensional Bullseye     Hex/Tloc       0%         N/A       100%        4
 Flame Wave               Conj/Fire      0%         2d4       100%        4
 Ignite Poison            Fire/Alch      0%         N/A       100%        4
 Iskenderun's Mystic Bla Conj/Tloc 0%             2d3        (+2d1     100%        4
 Maxwell's Portable Pile  Tloc           0%         2d(5-10)  100%        4
 Olgreb's Toxic Radiance  Alch           0%         N/A       100%        4
 Passage of Golubria      Tloc           0%         N/A       100%        4
 Sticky Flame             Fire/Alch      0%         2d4       100%        4
 Vhi's Electric Charge    Tloc/Air       0%         N/A       100%        4
 Alistair's Intoxication  Alch           0%         N/A       100%        5
 Arcjolt                  Conj/Air       0%         1d10      100%        5
 Borgnjor's Vile Clutch   Necr/Erth      0%         N/A       100%        5
 Curse of Agony           Necr           0%         N/A       100%        5
 Fireball                 Conj/Fire      0%         3d3       100%        5
 Freezing Cloud           Conj/Ice/Air   0%         6-21      100%        5
 Iskenderun's Battlesphe  Conj           0%         2d6       100%        5
 Metabolic Englaciation   Hex/Ice        0%         N/A       100%        5
 Silence                  Hex/Air        0%         N/A       100%        5
 Yara's Violent Unravell  Hex/Alch       0%         3d3       100%        5
 Bombard                  Conj/Erth      0%         9d1       100%        6
 Conjure Ball Lightning   Conj/Air       0%         3x3d6     100%        6
 Dispersal                Tloc           0%         N/A       100%        6
 Eringya's Noxious Bog    Alch           0%         4d6       100%        6
 Gell's Gavotte           Tloc           0%         2d(11-16) 100%        6
 Plasma Beam              Fire/Air       0%         2x1d10    100%        6
 Enfeeble                 Hex            0%         N/A       100%        7
 Manifold Assault         Tloc           0%         N/A       100%        7
 Orb of Destruction       Conj           0%         9d5       100%        7
 Discord                  Hex            0%         N/A       100%        8
 Disjunction              Tloc           0%         N/A       100%        8
 Lehudib's Crystal Spear  Conj/Erth      0%         10d2      100%        8
 Maxwell's Capacitive Co  Air            0%         ∞         100%        8
 Chain Lightning          Conj/Air       0%         N/A       100%        9
 Fire Storm               Conj/Fire      0%         5d1       100%        9
 Shatter                  Erth           0%         3d5*      100%        9
 Summon Small Mammal      Summ           Unusable   N/A       N/A         1
 Call Imp                 Summ           Unusable   N/A       N/A         2
 Call Canine Familiar     Summ           Unusable   N/A       N/A         3
 Summon Ice Beast         Ice/Summ       Unusable   N/A       N/A         3
 Tukima's Dance           Hex            Unusable   N/A       N/A         3
 Animate Armour           Summ/Erth      Unusable   N/A       N/A         4
 Animate Dead             Necr           Unusable   N/A       N/A         4
 Martyr's Knell           Necr/Summ      Unusable   N/A       N/A         4
 Summon Blazeheart Golem  Fire/Summ      Unusable   N/A       N/A         4
 Summon Mana Viper        Hex/Summ       Unusable   N/A       N/A         5
 Death Channel            Necr           Unusable   N/A       N/A         6
 Sculpt Simulacrum        Ice/Alch       Unusable   N/A       N/A         6
 Haunt                    Necr/Summ      Unusable   N/A       N/A         7
 Monstrous Menagerie      Summ           Unusable   N/A       N/A         7
 Spellforged Servitor     Conj/Summ      Unusable   N/A       N/A         7
 Summon Hydra             Summ           Unusable   N/A       N/A         7
 Infestation              Necr           Unusable   N/A       N/A         8

Dungeon Overview and Level Annotations

Branches:
Dungeon (15/15)            Temple (0/1) D:5            Lair (5/5) D:10
 Shoals (4/4) Lair:3        Snake (4/4) Lair:2        Slime (5/5) Lair:5
    Orc (2/2) D:9             Elf (3/3) Orc:2        Vaults (5/5) D:14
  Crypt (3/3) Vaults:3     Depths (4/4) D:15            Zot (5/5) Depths:4
  Sewer (visited)           IceCv (visited)         Gauntlet (visited)
   Tomb: Crypt:3

Altars:
Ashenzari
Elyvilon
Gozag
Hepliaklqana
Kikubaaqudgha
Makhleb
Nemelex Xobeh
Okawaru
Qazlal
Ru
Sif Muna
Uskayaw
Vehumet
Wu Jian
Xom
Yredelemnul
Beogh

Shops:
D:7 =   Orc:1 !   Orc:2 (*[[   Elf:2 !   Shoals:4 [   Snake:2 **

Portals:
Hell: Depths:1 Depths:2 Depths:3 Depths:4
Abyss: Elf:3 Depths:2 Depths:3 Depths:4
Pandemonium: Depths:2
Ziggurat: Depths:4
Trove: Elf:2 (give 7 potions of haste)

Annotations:
D:5 1 runed translucent door, Crazy Yiuf
D:6 3 runed translucent doors, Pokonic1's ghost, amateur OnBe; Shen's ghost, novice SpEn; dcgchant's ghost, novice GnIE
D:7 2 transporters, Maggie; Menkaure; Pikel
D:10 3 runed translucent doors, ezpacito's ghost, journeyman CoCK
D:15 2 transporters, exclusion: orange crystal statue, Bekuax's ghost, journeyman DgAl; Vaxeq's ghost, journeyman DrSh
Shoals:4 Roxanne
Elf:1 1 runed translucent door, Hajeh's ghost, adept FeEE
Elf:3 Hajeh's ghost, adept FeEE
Vaults:5 Boris
Depths:4 exclusion: ice statue
Zot:4 3 runed translucent doors, Qunuun's ghost, legendary DsFi; TwadoKnight's ghost, adept MiFi
Zot:5 2 transporters, intricategwyn's ghost, veteran DgAl


Innate Abilities, Weirdness & Mutations

You have a pair of horns on your head.
You reflexively headbutt those who attack you in melee.
You are very clumsy. (Dex -4)
Your body sometimes deteriorates upon taking damage.
You are very dopey. (Int -4)
Your flesh is heat resistant. (rF+)
You are frail. (-10% HP)
Your spells are easier to cast, but less powerful.
You sometimes lose the ability to read scrolls when taking damage.


Message History

There is a stone staircase leading down here.
Aiming: Dig
Press: ? - help, Shift-Dir - straight line You can't see that place. [a rock wall.]
The rock shatters into small pieces.
There is a stone staircase leading up here.
You fly upwards.
There is a stone staircase leading down here.
Unknown command.
Aiming: Dig
Press: ? - help, Shift-Dir - straight line You can't see that place. [a rock wall.]
Okay, then.
Aiming: Dig
Press: ? - help, Shift-Dir - straight line A rock wall.
This square is covered in magical glow.
The rock shatters into small pieces.
Aiming: Dig
Press: ? - help, Shift-Dir - straight line A rock wall.
This square is covered in magical glow.
The rock shatters into small pieces.
Aiming: Dig
Press: ? - help, Shift-Dir - straight line A rock wall.
This square is covered in magical glow.
The rock shatters into small pieces.
A golden eye comes into view.
The golden eye turns its gaze towards you.
The golden eye blinks at you. You resist with almost no effort.
You feel yourself speed up.
A golden eye comes into view.
The golden eye blinks at you. You resist with almost no effort.
There is a staircase leading out of the dungeon here.
You have escaped!

#.#.#####
#.......# #.#>...#
#.#.# ####.####
#.##.#.# ....#
###.# #.......
..### #.'.#
####.#)# ### #.###
#.#.# #.# #.#..
#.# #.### ##.###
#.# #@.'.## #.###
##########
##.#..########.##.
.........#
#.#........##.##.
##.#####.#
#.#######........
##.#####.####
#..#...........#.
##..........#
#.+..............
##..####.##.#
###..#.........##
....# ##.##.#
###.............##
###.# #.>##.#
#.............#.#


There were no monsters in sight!

Vanquished Creatures
  Dissolution (Slime:4)
  the Royal Jelly (Slime:5)
  A dread lich (Zot:5)
  Tiamat (Zot:1)
  3 orbs of fire (Zot:5)
  An ancient lich (Zot:5)
  Josephina (Vaults:3)
  Vv (Zot:3)
  5 Killer Klowns (Zot:5)
  A caustic shrike (Depths:3)
  Bai Suzhen (Snake:3)
  Vashnia (Snake:3)
  2 curse toes
  14 golden dragons
  2 bone dragons
  Jory (Depths:2)
  4 electric golems
  Zenata (Vaults:4)
  14 tentacled monstrosities
  2 liches
  Jorgrun (D:12)
  Mlioglotl (Arena)
  22 Orb Guardians (Zot:5)
  2 deep elf blademasters (Elf:3)
  12 quicksilver dragons
  5 sphinxes
  A deep elf master archer (Elf:3)
  25 acid blobs
  11 death cobs
  9 shadow dragons
  2 ancient champions
  An Executioner (D:12)
  19 storm dragons
  3 tengu reavers
  Aizul (Snake:1)
  5 fire giants
  6 nagarajas
  8 draconian knights
  10 azure jellies
  10 rockslimes
  2 protean progenitors
  5 draconian monks
  4 draconian shifters
  A balrug (Depths:4)
  16 vault wardens
  3 draconian scorchers
  7 frost giants
  2 ghost moths
  6 deep elf sorcerers
  A spectral caustic shrike (Depths:2)
  6 deep elf elementalists
  A curse skull (Crypt:1)
  9 draconian stormcallers
  4 draconian annihilators
  24 ironbound preservers
  3 orc warlords
  7 spriggan defenders
  2 reapers
  2 vampire knights
  10 very ugly things
  4 formless jellyfish
  9 ghouls
  19 quicksilver oozes
  5 stone giants
  A caustic shrike skeleton (Depths:3)
  4 ironbound thunderhulks
  9 black draconians
  5 deep elf demonologists
  9 spark wasps
  15 red draconians
  5 war gargoyles
  16 green draconians
  5 white draconians
  12 deep elf death magi
  7 deep elf annihilators
  A spectral titan (Depths:2)
  8 yellow draconians
  5 eidola
  A blizzard demon (Depths:4)
  10 purple draconians
  Snorg (D:14)
  3 crystal guardians
  6 merfolk impalers
  13 fire dragons
  4 merfolk javelineers
  An entropy weaver (Vaults:4)
  6 jiangshi
  10 ettins
  2 deep elf high priests (Elf:3)
  11 yaktaur captains
  A spectral golden dragon (Depths:2)
  4 caustic shrike simulacra
  8 great orbs of eyes
  37 vault guards
  15 ice dragons
  4 salamander tyrants
  Erolcha (D:12)
  3 peacekeepers
  4 hell beasts (Depths:2)
  5 rakshasas
  3 hydras
  4 juggernaut simulacra (Depths:2)
  4 spriggan air magi
  2 spriggan skeletons
  2 merfolk avatars (Shoals:4)
  2 ogre magi
  A sphinx zombie (Crypt:1)
  5 anacondas
  9 centaur warriors
  5 ironbound frosthearts
  15 two-headed ogres
  A catoblepas (Lair:5)
  An alligator snapping turtle (Shoals:4)
  4 death knights
  6 boulder beetles
  20 dancing weapons
  8 tengu warriors
  7 vampire magi
  An azure jelly zombie (Crypt:1)
  3 deep troll shamans
  4 merfolk aquamancers
  4 occultists
  The ghost of pokeman the Eclecticist, a journeyman DEHW of Vehumet (D:12)
  2 orc high priests (Orc:2)
  6 deep troll earth magi
  3 spriggan berserkers
  5 hell hogs
  12 naga sharpshooters
  A quicksilver ooze zombie (Crypt:1)
  3 shock serpents
  10 naga warriors
  20 deep elf knights
  A titan skeleton (Depths:2)
  5 salamander mystics
  8 hell knights
  26 skeletal warriors
  3 sun demons (Depths:4)
  3 soul eaters
  3 skysharks
  3 shadow wraiths
  2 sixfirhies (D:13)
  4 glowing orange brains
  3 storm dragon skeletons
  14 iron trolls
  7 spectral anacondas (Snake:3)
  15 sea snakes
  4 anaconda zombies (Snake:3)
  4 naga ritualists
  A quicksilver dragon simulacrum (Depths:4)
  8 mana vipers
  A swamp dragon (Lair:5)
  8 phantasmal warriors
  62 deep trolls
  8 flayed ghosts
  A tengu zombie (Depths:2)
  11 lindwurms
  8 arcanists
  4 bog bodies (Crypt:1)
  8 thermic dynamos
  25 ironbound convokers
  A kraken simulacrum (Shoals:4)
  5 deep elf archers
  2 anaconda skeletons (Snake:3)
  7 orc knights
  A golden dragon skeleton (Crypt:1)
  5 necromancers
  28 deep elf pyromancers
  3 harpies (Shoals:3)
  A fenstrider witch simulacrum (Crypt:1)
  A tengu skeleton (Depths:2)
  8 orc sorcerers
  26 ugly things
  24 deep elf zephyrmancers
  A wolf spider (shapeshifter) (Vaults:4)
  A faun (shapeshifter) (Depths:4)
  2 frost giant zombies
  12 salamanders
  9 manticores
  A goliath frog skeleton (Crypt:2)
  5 shining eyes
  3 fauns (Shoals:2)
  A shadow dragon skeleton (Crypt:2)
  24 moths of wrath
  14 cyclopes
  A shining eye (shapeshifter) (Depths:3)
  A worldbinder (Abyss:2)
  14 naga magi
  50 black mambas
  6 human skeletons
  15 elephants
  6 merfolk sirens
  2 fire giant skeletons (Depths:2)
  2 frost giant skeletons
  3 guardian serpents (Snake:4)
  2 large abominations (Abyss:2)
  14 cane toads
  4 kobold blastminers
  15 vault sentinels
  A smoke demon (Abyss:2)
  A water nymph (Shoals:4)
  Joseph (D:7)
  A stone giant skeleton (Vaults:3)
  A titan simulacrum (Crypt:1)
  2 gargoyles (D:12)
  A yaktaur zombie (Vaults:1)
  An elephant slug zombie (Crypt:3)
  7 torpor snails
  2 elf skeletons
  A kobold demonologist (D:11)
  11 freezing wraiths
  2 hellions
  3 rime drakes
  A bunyip simulacrum (Crypt:1)
  9 komodo dragons
  50 yaktaurs
  A spark wasp simulacrum (Depths:2)
  A tormentor (Depths:2)
  2 ice devils
  2 spectral glowing shapeshifters (Depths:2)
  Jeremiah (D:7)
  Psyche (D:8)
  9 anaconda simulacra
  2 guardian mummies (Elf:2)
  A great orb of eyes zombie (Crypt:2)
  2 golden dragon simulacra (Depths:2)
  A yellow draconian skeleton (Crypt:3)
  A hellwing (Abyss:2)
  A red devil (D:11)
  3 trolls
  9 polar bears
  9 hornets
  11 merfolk
  A polar bear (shapeshifter) (Elf:2)
  2 yaktaur skeletons
  3 tyrant leeches (Lair:5)
  A hornet (shapeshifter) (D:14)
  6 wind drakes
  A tengu simulacrum (Depths:2)
  4 glass eyes
  A shadow dragon simulacrum (Depths:2)
  25 blink frogs
  2 alligator simulacra (IceCv)
  18 dream sheep
  5 snapping turtles
  2 air elementals (Elf:2)
  176 slime creatures
  2 shadows
  5 wyverns
  2 guardian serpent skeletons
  4 spriggans
  An ettin skeleton (Depths:2)
  8 water elementals
  3 dire elephant simulacra
  7 wraiths
  A ynoxinul (Abyss:2)
  Eustachio (D:5)
  2 wargs
  A vampire (D:9)
  2 fire elementals
  18 humans (D:14)
  40 yaks
  2 basilisks
  11 golden eyes
  5 steam dragons
  6 vampire mosquitoes
  A harpy simulacrum (IceCv)
  3 redbacks (Vaults:4)
  A water nymph zombie (Crypt:2)
  25 nagas
  2 hydra simulacra (IceCv)
  6 acid dragons
  Duvessa (D:6)
  10 water moccasins
  An ogre skeleton (Vaults:3)
  2 swamp drakes (Lair:5)
  4 glowing shapeshifter skeletons
  12 orc warriors
  An ice beast (D:5)
  8 laughing skulls
  4 ettin simulacra
  9 black bears
  2 human zombies
  A blink frog skeleton (Crypt:1)
  9 ogres
  20 wolves
  20 centaurs
  A snapping turtle skeleton (Crypt:2)
  2 kobold brigands
  14 bullfrogs
  4 gnoll sergeants
  A draconian skeleton (Crypt:3)
  A glowing shapeshifter simulacrum (Depths:2)
  4 scorpions
  An earth elemental (Elf:2)
  A polar bear zombie (Crypt:2)
  8 wights
  Dowan (D:6)
  6 killer bees (D:10)
  5 electric eels (Snake:2)
  8 howler monkeys (D:10)
  A troll skeleton (Crypt:2)
  7 jellies
  2 hounds (D:5)
  A quasit (Abyss:2)
  3 gnoll boudas
  25 orc priests
  7 starcursed masses (Abyss:2)
  7 iguanas
  A sleepcap (D:6)
  Ijyb (D:3)
  Natasha (thrice) (D:3)
  7 hell rats
  31 orc wizards
  22 gnolls
  8 adders
  2 river rats (D:3)
  A shadow imp (D:5)
  2 white imps (Vaults:4)
  3 ufetubi
  4 dart slugs
  3 ribbon worms
  34 orcs
  4 bats
  13 endoplasms
  5 giant cockroaches
  17 goblins
  4 hobgoblins
  6 jackals (D:1)
  5 quokkas
  15 ball pythons
  3 frilled lizards (Sewer)
  A giant cockroach zombie (Crypt:1)
  A gnoll skeleton (Crypt:1)
  12 kobolds
  11 rats
2351 creatures vanquished.

Vanquished Creatures (others)
  A draconian shifter (Zot:5)
  A draconian scorcher (Zot:5)
  A quicksilver dragon simulacrum (Depths:4)
  A naga ritualist (Snake:2)
  A deep elf pyromancer (Elf:3)
  An ettin simulacrum (Depths:4)
  An orc wizard (Orc:2)
  2 white imps
  A starspawn tentacle (Abyss:2)
  9 tentacles
19 creatures vanquished.

Grand Total: 2370 creatures vanquished

Notes
Turn   | Place    | Note
-------+----------+-------------------------------------------
     0 | D:1      | PetalousPanoply the Minotaur Fighter began the quest for
                  | the Orb.
     0 | D:1      | Reached XP level 1. HP: 19/19 MP: 0/0
    53 | D:1      | Found a faded altar of an unknown god.
    62 | D:1      | Reached XP level 2. HP: 24/27 MP: 1/1
   408 | D:1      | Reached XP level 3. HP: 34/34 MP: 2/2
   918 | D:1      | Prayed at the altar of an unknown god.
   918 | D:1      | Became a worshipper of Warmaster Okawaru
   918 | D:1      | Reached * piety under Okawaru
  1282 | D:2      | You fall into a shaft and drop 2 floors!
  1429 | D:3      | Noticed an ogre
  1434 | D:3      | Killed an ogre
  1435 | D:3      | Reached skill level 5 in Fighting
  1435 | D:3      | Reached XP level 4. HP: 42/42 MP: 3/3
  1435 | D:3      | Reached XP level 5. HP: 48/48 MP: 4/4
  1603 | D:3      | Noticed Natasha
  1608 | D:3      | Killed Natasha
  1609 | D:3      | Reached skill level 5 in Axes
  1637 | D:3      | Noticed a water moccasin
  1642 | D:3      | Killed a water moccasin
  1642 | D:3      | Reached ** piety under Okawaru
  1643 | D:3      | Reached XP level 6. HP: 53/58 MP: 5/5
  1648 | D:3      | Noticed Natasha
  1654 | D:3      | Killed Natasha
  1794 | D:3      | Noticed Natasha
  1797 | D:3      | Killed Natasha
  1943 | D:3      | Found a glowing drain.
  1951 | Sewer    | Entered a sewer
  2137 | Sewer    | Found a viscous altar of Jiyva.
  2457 | D:3      | Noticed Ijyb
  2485 | D:3      | Killed Ijyb
  3543 | D:4      | Identified the +2 leather armour of Follow the Leader {rF++
                  | rC+}
  3644 | D:4      | Reached XP level 7. HP: 59/66 MP: 6/6
  4555 | D:4      | Found an ornate altar of the Wu Jian Council.
  4763 | D:5      | Entered Level 5 of the Dungeon
  4949 | D:5      | Found a hide-covered altar of Uskayaw.
  4949 | D:5      | Noticed Eustachio
  4961 | D:5      | Killed Eustachio
  5059 | D:5      | Found a staircase to the Ecumenical Temple.
  5136 | D:5      | Reached XP level 8. HP: 19/75 MP: 7/7
  5359 | D:5      | Found a white marble altar of Elyvilon.
  5467 | D:5      | Found a burning altar of Makhleb.
  5474 | D:5      | Found a hazy altar of Hepliaklqana.
  5597 | D:5      | Identified the +2 dagger of Igyoraco {distort, Int+5
                  | Stlth-}
  5965 | D:5      | Reached skill level 10 in Fighting
  6161 | D:5      | Found a runed translucent door.
  6162 | D:5      | Noticed Crazy Yiuf
  6477 | D:6      | Noticed Duvessa
  6477 | D:6      | Noticed Dowan
  6482 | D:6      | Killed Duvessa
  6482 | D:6      | Killed Dowan
  6483 | D:6      | Reached skill level 1 in Dodging
  6633 | D:6      | Found a sacrificial altar of Ru.
  6653 | D:6      | Reached XP level 9. HP: 85/85 MP: 8/8
  6735 | D:6      | Found a runed translucent gate.
  6736 | D:6      | Found a runed translucent gate.
  6737 | D:6      | Found a runed translucent gate.
  6739 | D:6      | Noticed Shen's ghost (novice SpEn)
  6740 | D:6      | Noticed dcgchant's ghost (novice GnIE)
  6740 | D:6      | Noticed Pokonic1's ghost (amateur OnBe)
  6784 | D:6      | Reached skill level 10 in Axes
  7039 | D:6      | Reached *** piety under Okawaru
  7457 | D:7      | Reached skill level 5 in Armour
  7457 | D:7      | Reached skill level 5 in Shields
  7557 | D:7      | Found Hiralo's Jewellery Boutique.
  7590 | D:7      | Noticed a two-headed ogre
  7601 | D:7      | Killed a two-headed ogre
  7846 | D:7      | Noticed Joseph
  7868 | D:7      | Killed Joseph
  7868 | D:7      | Reached **** piety under Okawaru
  8019 | D:7      | Noticed Maggie
  8021 | D:7      | Found a transporter.
  8024 | D:7      | Found a transporter.
  8028 | D:7      | Noticed Menkaure
  8028 | D:7      | Noticed Pikel
  8080 | D:7      | Noticed Jeremiah
  8155 | D:7      | Killed Jeremiah
  8156 | D:7      | Reached XP level 10. HP: 52/85 MP: 1/9
  8252 | D:7      | Found an ancient bone altar of Kikubaaqudgha.
  8312 | D:7      | Found a basalt altar of Yredelemnul.
  8332 | D:7      | Reached skill level 5 in Dodging
  9385 | D:8      | Noticed Psyche
  9401 | D:8      | Killed Psyche
 10201 | D:9      | Noticed a two-headed ogre
 10211 | D:9      | Killed a two-headed ogre
 10212 | D:9      | Reached skill level 1 in Invocations
 10460 | D:9      | Found a shimmering altar of Xom.
 10524 | D:9      | Noticed a boulder beetle
 10655 | D:10     | Entered Level 10 of the Dungeon
 11208 | D:10     | Reached XP level 11. HP: 98/100 MP: 11/11
 11427 | D:10     | Found a shimmering blue altar of Sif Muna.
 11592 | D:10     | Reached skill level 1 in Stealth
 11928 | D:10     | Found a staircase to the Lair.
 11981 | D:10     | Found a runed translucent gate.
 11981 | D:10     | Noticed ezpacito's ghost (journeyman CoCK)
 11983 | D:10     | Found a runed translucent gate.
 11983 | D:10     | Identified the +0 chain mail of the Accordion {^Contam +Inv
                  | Dex+4}
 11984 | D:10     | Found a runed translucent gate.
 12143 | D:11     | Noticed a two-headed ogre
 12154 | D:11     | Killed a two-headed ogre
 12252 | D:11     | Found a gate leading to a gauntlet.
 12384 | Gauntlet | Entered a Gauntlet
 12384 | Gauntlet | Found a transporter.
 12394 | Gauntlet | Found a transporter.
 12395 | Gauntlet | Found a transporter.
 12410 | Gauntlet | Found a transporter.
 12412 | Gauntlet | Found a transporter.
 12421 | Gauntlet | Noticed a quicksilver ooze
 12431 | Gauntlet | Found a transporter.
 12442 | Gauntlet | Found a runed translucent door.
 12444 | Gauntlet | Found a transporter.
 12444 | Gauntlet | Noticed a balrug
 12446 | Gauntlet | Found a runed translucent door.
 12461 | Gauntlet | Found a transporter.
 12463 | Gauntlet | Noticed a cacodemon
 12949 | D:12     | Reached ***** piety under Okawaru
 13027 | D:12     | Noticed Erolcha
 13152 | Lair:1   | Entered Level 1 of the Lair of Beasts
 13391 | D:10     | Received a gift from Okawaru
 13627 | Lair:1   | Reached XP level 12. HP: 86/113 MP: 14/14
 13720 | Lair:1   | Reached skill level 5 in Invocations
 14350 | Lair:1   | Reached skill level 15 in Axes
 15310 | Lair:1   | Received a gift from Okawaru
 16269 | Lair:2   | Found a hide-covered altar of Uskayaw.
 16301 | Lair:2   | Found a staircase to the Snake Pit.
 16310 | Snake:1  | Entered Level 1 of the Snake Pit
 16624 | Lair:3   | Noticed a four-headed hydra
 16687 | Lair:3   | Reached ****** piety under Okawaru
 16689 | Lair:3   | Acquired a +2 broad axe of flaming
 16689 | Lair:3   | Received a gift from Okawaru
 16695 | Lair:3   | Acquired the +3 plate armour "Poqid" {rPois SInv}
 16695 | Lair:3   | Received a gift from Okawaru
 16745 | Lair:3   | Received a gift from Okawaru
 16837 | Lair:3   | Noticed a seven-headed hydra
 16908 | Arena    | Entered the Arena
 16914 | Arena    | Killed a one-headed hydra
 16915 | Arena    | Reached skill level 15 in Fighting
 16976 | Lair:3   | Killed a three-headed hydra
 16977 | Lair:3   | Reached XP level 13. HP: 87/126 MP: 9/15
 17000 | Lair:2   | Reached skill level 10 in Shields
 17000 | Lair:2   | Reached XP level 14. HP: 124/136 MP: 12/16
 17001 | Lair:2   | Reached skill level 10 in Armour
 17001 | Lair:2   | Reached XP level 15. HP: 133/144 MP: 12/17
 17566 | Lair:3   | Found a staircase to the Shoals.
 17572 | Shoals:1 | Entered Level 1 of the Shoals
 17951 | Lair:3   | Received a gift from Okawaru
 18700 | D:7      | Bought the amulet "Wujetron" {Spirit Str+3 Slay+2} for 775
                  | gold pieces
 18889 | Lair:5   | Entered Level 5 of the Lair of Beasts
 19318 | Lair:5   | Found a staircase to the Slime Pits.
 20563 | Lair:5   | Received a gift from Okawaru
 20849 | Slime:1  | Entered Level 1 of the Pits of Slime
 21099 | D:9      | Identified 2 scrolls of acquirement
 21100 | D:9      | Acquired the +10 executioner's axe "Soer" {flame, rElec
                  | rPois rF++ Str-2}
 21101 | D:9      | Acquired the +5 Storm Queen's Shield {shock, Fly rElec}
 21101 | D:9      | Found the +5 Storm Queen's Shield {shock, Fly rElec}
 21212 | D:9      | Found a staircase to the Orcish Mines.
 21217 | Orc:1    | Entered Level 1 of the Orcish Mines
 21251 | Orc:1    | Found Daneg's Distillery.
 21342 | Orc:1    | Found a roughly hewn altar of Beogh.
 21452 | Orc:2    | Entered Level 2 of the Orcish Mines
 21824 | Orc:2    | Received a gift from Okawaru
 21984 | Orc:2    | Found Reliurr's Antique Armour Emporium.
 21984 | Orc:2    | Found Voisegic's Armour Emporium.
 21984 | Orc:2    | Found Otavoula's General Store.
 21987 | Orc:2    | Found Fujeask's Antique Weapon Shoppe.
 22011 | Orc:2    | Bought a pair of glowing boots for 195 gold pieces
 22045 | Orc:2    | Found a staircase to the Elven Halls.
 22072 | Orc:2    | Reached skill level 1 in Throwing
 22525 | Orc:2    | Reached XP level 16. HP: 138/157 MP: 20/20
 22717 | Elf:1    | Entered Level 1 of the Elven Halls
 23025 | D:12     | Killed Erolcha
 23058 | D:12     | Found a large runed translucent door.
 23058 | D:12     | Found a large runed translucent door.
 23064 | D:12     | Noticed pokeman's ghost (journeyman DEHW)
 23228 | D:12     | Noticed Jorgrun
 23662 | D:13     | Received a gift from Okawaru
 24801 | D:14     | Found a gate to the Vaults.
 24815 | D:14     | Acquired 741 gold pieces
 24927 | D:14     | Noticed Snorg
 24933 | D:14     | Killed Snorg
 24933 | D:14     | Received a gift from Okawaru
 25214 | Abyss:2  | Cast into level 2 of the Abyss (death knight)
 25379 | Abyss:2  | Noticed an Executioner
 25410 | Abyss:2  | Noticed a tentacled starspawn
 25417 | Abyss:2  | Noticed a tentacled starspawn
 25434 | Abyss:2  | Noticed a lich
 25653 | Abyss:2  | Noticed a bone dragon
 25667 | Abyss:2  | Killed a bone dragon
 25734 | Abyss:2  | Noticed a lich
 25779 | D:14     | Escaped the Abyss
 26078 | D:15     | Entered Level 15 of the Dungeon
 26433 | D:15     | Found a staircase to the Depths.
 26462 | Depths:1 | Entered Level 1 of the Depths
 26555 | D:15     | Noticed Bekuax's ghost (journeyman DgAl)
 26565 | D:15     | Found a transporter.
 26568 | D:15     | Found a transporter.
 26637 | D:15     | Received a gift from Okawaru
 26666 | D:15     | Noticed Vaxeq's ghost (journeyman DrSh)
 26792 | D:15     | Found a broken altar of Ashenzari.
 26960 | D:15     | Reached skill level 5 in Throwing
 27344 | D:12     | Killed Jorgrun
 27359 | D:12     | Killed pokeman's ghost
 27364 | D:12     | Identified the ring of Contentment {SInv Stlth+}
 27801 | Shoals:1 | Reached XP level 17. HP: 158/170 MP: 19/21
 28110 | Shoals:1 | Noticed a kraken
 28999 | Shoals:3 | Paralysed by a formless jellyfish for 1 turns
 29221 | Shoals:3 | Noticed Mlioglotl
 29483 | Shoals:4 | Entered Level 4 of the Shoals
 29503 | Shoals:3 | Received a gift from Okawaru
 29657 | Snake:1  | Upgraded the game from 0.32-a0-871-ge202e49faa to
                  | 0.32-a0-876-gcfddb08e57
 30224 | Snake:1  | Identified the serpent talisman of Loss {Will- Int+6 Dex+4}
 30224 | Snake:1  | Noticed Aizul
 30242 | Snake:1  | Killed Aizul
 30467 | Snake:1  | Identified the ring of Qunkued {Str+3 Int+3 Slay+4}
 30813 | Snake:1  | Received a gift from Okawaru
 31016 | Snake:2  | Found Niamal's Assorted Antiques.
 31016 | Snake:2  | Found Kirph's Assorted Antiques.
 31158 | Snake:2  | Bought a potion of curing for 99 gold pieces
 31158 | Snake:2  | Bought a potion of heal wounds for 165 gold pieces
 31158 | Snake:2  | Bought a scroll of identify for 66 gold pieces
 31158 | Snake:2  | Bought a scroll of revelation for 247 gold pieces
 31164 | Snake:2  | Bought a transparent hand axe for 192 gold pieces
 31164 | Snake:2  | Identified the +7 hand axe "Tiqunox" {elec, rF++ Stlth+}
                  | (You bought it in a shop on level 2 of the Snake Pit)
 31164 | Snake:2  | Bought a scroll of identify for 48 gold pieces
 31164 | Snake:2  | Bought a scroll of revelation for 180 gold pieces
 31959 | Snake:3  | Received a gift from Okawaru
 32114 | Snake:3  | Found a glacial archway.
 32120 | IceCv    | Entered an ice cave
 32391 | Snake:3  | Reached XP level 18. HP: 158/182 MP: 18/23
 32505 | Snake:3  | Acquired the +3 pair of mountain boots {steadfast, rC+}
 32505 | Snake:3  | Found the +3 pair of mountain boots {steadfast, rC+}
 32707 | Snake:3  | Noticed Bai Suzhen
 32721 | Snake:3  | Killed Bai Suzhen
 32721 | Snake:3  | Received a gift from Okawaru
 32882 | Snake:3  | Noticed Vashnia
 32905 | Snake:3  | Killed Vashnia
 32954 | Snake:3  | Reached skill level 15 in Armour
 33103 | Snake:3  | Found the +2 hat of the Bear Spirit {Spirit, Bear, *Rage
                  | Will++}
 33234 | Snake:4  | Entered Level 4 of the Snake Pit
 33415 | Snake:4  | Received a gift from Okawaru
 34374 | Snake:4  | Received a gift from Okawaru
 35168 | Snake:4  | Got a serpentine rune of Zot
 35776 | Elf:1    | Found a radiant altar of Vehumet.
 35832 | Elf:1    | Reached skill level 10 in Invocations
 35844 | Elf:1    | Received a gift from Okawaru
 36101 | Elf:1    | Reached skill level 10 in Dodging
 36378 | Elf:1    | Got the Commentary on the Impact
 36421 | Elf:2    | Paralysed by an air elemental for 1 turns
 36427 | Elf:2    | Paralysed by an air elemental for 1 turns
 36430 | Elf:2    | Reached XP level 19. HP: 189/189 MP: 23/25
 36535 | Elf:3    | Entered Level 3 of the Elven Halls
 36612 | Elf:2    | Found a portal to a secret trove of treasure.
 36898 | Elf:2    | Received a gift from Okawaru
 36923 | Elf:2    | Found a runed translucent gate.
 36925 | Elf:2    | Found a runed translucent gate.
 36928 | Elf:2    | Found a runed translucent gate.
 37171 | Elf:2    | Found Xerr's Distillery.
 37179 | Elf:2    | Bought a potion of curing for 42 gold pieces
 37179 | Elf:2    | Bought a potion of curing for 42 gold pieces
 37179 | Elf:2    | Bought a potion of haste for 140 gold pieces
 37179 | Elf:2    | Bought a potion of attraction for 42 gold pieces
 37179 | Elf:2    | Bought a potion of berserk rage for 70 gold pieces
 37179 | Elf:2    | Bought a potion of enlightenment for 70 gold pieces
 37179 | Elf:2    | Bought a potion of curing for 42 gold pieces
 37179 | Elf:2    | Bought a potion of curing for 42 gold pieces
 37408 | Elf:2    | Reached skill level 15 in Shields
 38175 | Elf:1    | Found a runed translucent door.
 38177 | Elf:1    | Noticed Hajeh's ghost (adept FeEE)
 38561 | Elf:3    | Received a gift from Okawaru
 38764 | Elf:3    | Noticed Hajeh's ghost (adept FeEE)
 39623 | Elf:3    | Noticed a Brimstone Fiend
 39897 | Elf:3    | Identified the +7 halberd of Lovuar {antimagic, rPois
                  | Int+5}
 40096 | Elf:3    | Found the +0 cloak of the Thief {Quiet Slay-3 SInv Stlth+}
 40110 | Elf:3    | Identified the staff of the Changing Badger {rF+ rC+ SInv
                  | Fire}
 40133 | Elf:3    | Identified the amulet "Toehemeo" {Faith Will+ Slay+5}
 40180 | Elf:3    | Identified the +4 war axe of the Endless Dances {freeze,
                  | *Noise rPois rN+ rCorr}
 40231 | Elf:3    | Identified the +7 flail of the Enchanted Forest {freeze,
                  | *Rage rN+ SInv}
 40316 | Elf:3    | Received a gift from Okawaru
 40340 | Elf:3    | Identified the ring of Uskayaw's Inspiration {*Slow rC+
                  | Will+ Int+4 Slay+3}
 40344 | Elf:3    | Identified the ring "Yzuphaic" {rPois rC+ Dex+3 SInv}
 40353 | Elf:3    | Identified the +5 halberd "Mashref" {antimagic, *Slow rF+
                  | Will+ SInv}
 40444 | Elf:3    | Noticed a profane servitor
 40731 | Elf:3    | Found a one-way gate to the infinite horrors of the Abyss.
 41008 | Arena    | Entered the Arena
 41014 | Arena    | Noticed a bone dragon
 41024 | Arena    | Killed Mlioglotl
 41288 | Shoals:3 | Reached XP level 20. HP: 90/198 MP: 12/26
 41750 | Shoals:4 | Found Wada's Dragon-Slaying Spoils.
 41832 | Shoals:4 | Received a gift from Okawaru
 42143 | Shoals:4 | Got a barnacled rune of Zot
 42161 | Shoals:4 | Got an azure gem
 42169 | Shoals:4 | Noticed Roxanne
 42471 | Vaults:1 | Entered Level 1 of the Vaults
 43358 | Vaults:1 | Received a gift from Okawaru
 43481 | Vaults:1 | Got the Lessons on Spellbinding Feathers
 43767 | Vaults:1 | Reached skill level 15 in Dodging
 44424 | Vaults:2 | Received a gift from Okawaru
 44772 | Vaults:2 | Reached XP level 21. HP: 204/204 MP: 27/27
 45471 | Vaults:2 | Received a gift from Okawaru
 46662 | Vaults:3 | Received a gift from Okawaru
 46776 | Vaults:3 | Identified the +0 pair of boots of the Vanishing Dreams
                  | {rPois rN+}
 47351 | Vaults:3 | Found a staircase to the Crypt.
 47359 | Crypt:1  | Entered Level 1 of the Crypt
 47359 | Crypt:1  | Identified the ring of Ducwawes {Ice Str+4}
 47359 | Crypt:1  | Noticed Josephina
 47371 | Vaults:3 | Killed Josephina
 47917 | Vaults:4 | Noticed Zenata
 48240 | Vaults:4 | Received a gift from Okawaru
 48398 | Vaults:4 | Killed Zenata
 48469 | Vaults:5 | Entered Level 5 of the Vaults
 48654 | Vaults:4 | Reached XP level 22. HP: 211/213 MP: 28/28
 50164 | Depths:1 | Received a gift from Okawaru
 50364 | Depths:1 | Found a gateway to Hell.
 51701 | Depths:2 | Received a gift from Okawaru
 52479 | Depths:2 | Identified the +1 lajatang of Defiance {drain, rF+ Will+
                  | Int+4}
 52502 | Depths:2 | Found a basalt altar of Yredelemnul.
 52502 | Depths:2 | Noticed Jory
 52521 | Depths:2 | Killed Jory
 52649 | Depths:2 | Received a gift from Okawaru
 53113 | Depths:2 | Found a one-way gate leading to the halls of Pandemonium.
 53797 | Depths:3 | Reached XP level 23. HP: 207/220 MP: 26/29
 53848 | Depths:3 | Noticed a caustic shrike
 53863 | Depths:3 | Killed a caustic shrike
 53868 | Depths:3 | Received a gift from Okawaru
 54817 | Depths:3 | Found the +27 heavy crossbow "Sniper" {heavy, Acc+∞ SInv}
 54819 | Depths:3 | Found a sparkling altar of Nemelex Xobeh.
 54819 | Depths:3 | Found a white marble altar of Elyvilon.
 54822 | Depths:3 | Found a burning altar of Makhleb.
 54822 | Depths:3 | Found a sacrificial altar of Ru.
 55093 | Depths:3 | Found a shimmering blue altar of Sif Muna.
 55270 | Depths:4 | Entered Level 4 of the Depths
 55928 | Depths:4 | Found a burning altar of Makhleb.
 55951 | Depths:4 | Identified the +2 orcbow "Faica Ine" {heavy, rPois rC+
                  | rCorr}
 56279 | Depths:4 | Found an opulent altar of Gozag.
 56546 | Depths:3 | Received a gift from Okawaru
 57162 | Depths:4 | Reached XP level 24. HP: 218/228 MP: 29/29
 57163 | Depths:4 | Reached XP level 25. HP: 225/235 MP: 29/29
 57164 | Depths:4 | Reached skill level 27 in Armour
 57164 | Depths:4 | Reached XP level 26. HP: 234/244 MP: 29/29
 57847 | Depths:4 | Identified the +5 glaive "Gamo" {freeze, *Corrode Fly Dex+2
                  | Stlth+}
 58556 | Depths:4 | Found a gate to the Realm of Zot.
 58653 | Depths:4 | Received a gift from Okawaru
 59143 | Depths:4 | Found a hazy altar of Hepliaklqana.
 59143 | Depths:4 | Found a one-way gateway to a ziggurat.
 59424 | Depths:4 | Found a hide-covered altar of Uskayaw.
 60419 | Vaults:5 | Noticed an ancient lich
 60503 | Vaults:5 | Identified the +3 robe "Vetexka" {SInv Archmagi}
 60503 | Vaults:5 | Noticed Boris
 61237 | Slime:2  | Received a gift from Okawaru
 61482 | Slime:2  | Reached XP level 27. HP: 216/250 MP: 25/29
 61769 | Slime:3  | Gained mutation: Your body sometimes deteriorates upon
                  | taking damage. [a shining eye]
 61912 | Slime:4  | Gained mutation: You are dopey. (Int -2) [a shining eye]
 62008 | Slime:5  | Entered Level 5 of the Pits of Slime
 62762 | Snake:2  | Bought a scroll of immolation for 96 gold pieces
 62768 | Snake:2  | Bought a ring of fire for 825 gold pieces
 63612 | Slime:5  | Noticed Dissolution
 63874 | Slime:5  | Gained mutation: Your flesh is heat resistant. (rF+) [a
                  | shining eye]
 63996 | Slime:5  | Gained mutation: You occasionally lose the ability to read
                  | scrolls when taking damage. [a shining eye]
 64015 | Slime:4  | Gained mutation: You are clumsy. (Dex -2) [a shining eye]
 64161 | Slime:4  | Killed Dissolution
 64161 | Slime:4  | Received a gift from Okawaru
 64334 | Slime:5  | Noticed the Royal Jelly
 65495 | Slime:5  | Killed the Royal Jelly
 65807 | Slime:5  | Found the +1 eveningstar "Brilliance" {foul flame, Umbra}
 65830 | Slime:5  | Got Cawkurph's Incunable of Intense Movement
 65833 | Slime:5  | Identified the +2 helmet "Wuumm" {-Cast rCorr Str+3 SInv}
 65867 | Slime:5  | Identified the staff "Iseiqodi" {rF+ Int+4 Summ Fire}
 65883 | Slime:5  | Identified the +1 hand axe "Dragonslayer" {vamp, Will+}
 65904 | Slime:5  | Got a slimy rune of Zot
 66676 | Zot:1    | Entered Level 1 of the Realm of Zot
 67232 | Depths:4 | Reached skill level 27 in Dodging
 67816 | Zot:1    | Identified the +9 broad axe of Gallantry {vamp, ^Fragile
                  | rN+++ Str-2 SInv}
 67816 | Zot:1    | Found the +4 dragonskin cloak {Aegis}
 67816 | Zot:1    | Identified the ring "Mahakhla" {rC+ rN+ rCorr Str-4 Int+4}
 67816 | Zot:1    | Noticed Tiamat
 67865 | Zot:1    | Killed Tiamat
 68294 | Zot:1    | Found the +3 giant club "Skullcrusher" {speed, Str+7}
 68305 | Zot:1    | Got the Treatise on the Loathsome Sky
 68316 | Zot:1    | Identified the +0 scale mail "Zakhlilu" {rC+ Stlth+}
 69297 | Zot:2    | Received a gift from Okawaru
 69708 | Zot:2    | Reached skill level 10 in Throwing
 70367 | Zot:3    | Received a gift from Okawaru
 70534 | Zot:3    | Noticed Vv
 70676 | Zot:3    | Killed Vv
 71441 | Zot:3    | Received a gift from Okawaru
 71704 | Zot:4    | Found a runed translucent gate.
 71704 | Zot:4    | Found a runed translucent gate.
 71705 | Zot:4    | Found a runed translucent gate.
 71706 | Zot:4    | Noticed TwadoKnight's ghost (adept MiFi)
 71707 | Zot:4    | Noticed Qunuun's ghost (legendary DsFi)
 71883 | Arena    | Entered the Arena
 72492 | Zot:3    | Found a stormy altar of Qazlal.
 72725 | Zot:2    | Identified the +5 spear "Jellybane" {spect, Will+ Stlth+}
 73834 | Elf:2    | Bought a potion of mutation for 112 gold pieces
 73834 | Elf:2    | Bought a potion of mutation for 112 gold pieces
 73834 | Elf:2    | Bought a potion of mutation for 112 gold pieces
 74764 | Slime:1  | Gained mutation: You sometimes lose the ability to read
                  | scrolls when taking damage. [a shining eye]
 75237 | Zot:5    | Entered Level 5 of the Realm of Zot
 77232 | Crypt:3  | Entered Level 3 of the Crypt
 77310 | Crypt:3  | Noticed a dread lich
 77692 | Zot:4    | Received a gift from Okawaru
 77787 | Zot:5    | Found a transporter.
 77789 | Zot:5    | Noticed intricategwyn's ghost (veteran DgAl)
 77792 | Zot:5    | Found a transporter.
 77797 | Zot:5    | Noticed an ancient lich
 78150 | Zot:5    | Reached skill level 15 in Throwing
 78153 | Zot:5    | Noticed an ancient lich
 78175 | Zot:5    | Killed an ancient lich
 78437 | Zot:5    | Noticed an orb of fire
 78471 | Zot:5    | Killed an orb of fire
 78510 | Zot:5    | Noticed an orb of fire
 78514 | Zot:5    | Gained mutation: Your spells are a little easier to cast,
                  | but a little less powerful. [an orb of fire]
 78517 | Zot:5    | Lost mutation: You sometimes lose the ability to read
                  | scrolls when taking damage. [an orb of fire]
 78522 | Zot:5    | Gained mutation: Your spells are easier to cast, but less
                  | powerful. [an orb of fire]
 78532 | Zot:5    | Killed an orb of fire
 78890 | Zot:5    | Received a gift from Okawaru
 79123 | Zot:5    | Noticed a dread lich
 79125 | Arena    | Entered the Arena
 79164 | Zot:5    | Killed a dread lich
 79269 | Zot:5    | Noticed an orb of fire
 79269 | Zot:5    | Gained mutation: You sometimes lose the ability to read
                  | scrolls when taking damage. [an orb of fire]
 79277 | Zot:5    | Gained mutation: You are very clumsy. (Dex -4) [an orb of
                  | fire]
 79293 | Zot:5    | Killed an orb of fire
 79293 | Zot:5    | Received a gift from Okawaru
 79379 | Zot:5    | Got the Orb of Zot
 79447 | Zot:5    | Gained mutation: You are very dopey. (Int -4) [a cacodemon]
 79456 | Zot:5    | Gained mutation: You are frail. (-10% HP) [a cacodemon]
 79971 | D:$      | Escaped with the Orb!

Illustrated notes

Levels and vault maps discovered:
D:1:      minmay_arrival_three_doors, layout_loops_corners,
          hellmonk_ecumenical_altar_blasted, minmay_parallelograms
D:2:      layout_loops_cross, solitary_fountain
D:3:      kennysheep_the_goblin_king, layout_basic, gup_sewer_entry_bubbles,
          corner_web_ring, uniq_natasha
D:4:      layout_basic, nicolae_wu_jian_immortal_techniques, minivault_24,
          mrwooster_statue_mirror, grunt_ministairs_15
D:5:      layout_basic, mainiacjoe_overflow_concentric_impassable,
          mainiacjoe_overflow_cross_hatched, jmf_multi_god_temple2,
          minmay_temple_entry_mini_moons, minmay_joined_circles,
          uniq_crazy_yiuf_cottage, uniq_eustachio
D:6:      layout_loops_ring, kennysheep_mini_moat, gammafunk_ghost_cemetery,
          uniq_duvessa
D:7:      layout_loops_ring, gammafunk_temple_of_torment, serial_shops, shop,
          dk_noncrumbling_3, uniq_joseph, uniq_maggie, uniq_jeremiah, uniq_pikel
D:8:      layout_loops_corners, moated_statue, uniq_psyche
D:9:      layout_roguey, mainiacjoe_overflow_paths, minmay_orc_entry_guard_dogs,
          nzn_sisyphean_effort
D:10:     layout_long_grid, general_overflow_altar,
          grunt_lair_entry_orc_guard_hut, biasface_ghost_orc_armoury,
          ebering_dispersal_statue_hall, centaur_isle
D:11:     layout_loops_ring, gauntlet_entry_generic
D:12:     layout_rooms, ebering_ghost_disaster_area, uniq_jorgrun, uniq_erolcha
D:13:     layout_irregular_city
D:14:     layout_stronghold, grunt_vaults_entry_tiered,
          nicolae_figureground_pulse, uniq_snorg
D:15:     hellmonk_depths_entry_around_the_bend, layout_grid_maze,
          nzn_ghost_randoct, nicolae_ashenzari_panopticon
Lair:1:   beast_lair_carwin_large_4, layout_layer_cave
Lair:2:   layout_big_grid, dummy_snake_entry, basic_altar,
          grunt_forest_stairs_clearing
Lair:3:   layout_misc_corridors, minmay_shoals_entry_lonely_mermaid,
          infiniplex_staircase_pool_2, serial_bayou_shore_a
Lair:4:   layout_hall_layers
Lair:5:   guppyfry_lair_end_dragon, layout_layer_cave, wormcave,
          minmay_slime_entry_pillars
Shoals:1: layout_shoals
Shoals:2: layout_shoals
Shoals:3: layout_shoals, nicolae_shoals_gull_way, uniq_mlioglotl
Shoals:4: shoals_end_grunt_ice, layout_shoals, nicolae_shop_dragon_depot,
          nicolae_shoals_shepherds, uniq_roxanne
Snake:1:  layout_cave_pods, abandoned_shop, serial_bayou_shore_b, uniq_aizul
Snake:2:  layout_basic, drop_trap, minmay_shoptagon, serial_bayou_shore_b
Snake:3:  layout_cave_town, portal_ice_cave_entry_horrid_things,
          nicolae_snake_flat_spine, nicolae_snake_dead_anacondas, uniq_vashnia,
          uniq_bai_suzhen
Snake:4:  hellmonk_snake_rune_quicksilver_temple, layout_basic
Slime:1:  layout_caves
Slime:2:  layout_caves, nicolae_slime_crime_time
Slime:3:  layout_caves, cheibrodos_slime_lost_civilization_4
Slime:4:  layout_caves
Slime:5:  slime_pit_nicolae_amoeboid, uniq_dissolution
Orc:1:    layout_caves, basic_altar, serial_shops, nicolae_shop_tiny_waterfront
Orc:2:    st_orc_mages, layout_caves
Elf:1:    eino_elf_arrival_altar, layout_loops_cross,
          ebering_ghost_reflecting_pool, minmay_elf_annihilation
Elf:2:    nicolae_elf_blades_splatter_lattice
          [nicolae_vaults_blade_armed_guards], layout_rooms, serial_shops, shop,
          nicolae_trove_entry_path_of_doom
Elf:3:    minmay_elf_hall_spiked, layout_gridlike,
          gammafunk_ghost_abyssal_escape, grunt_megastairs_2
Vaults:1: ontoclasm_vaults_ring_large, nicolae_vaults_security_offices_5,
          v_misc_9, grunt_vaults_twisty, hangedman_vaults_restitches,
          nicolae_vaults_trapezoid_lopsided_3, nicolae_vaults_what_the_h,
          v_misc_16, vaults_room_semicircle, v_misc_8, vaults_room_corners,
          layout_vaults_quadrants
Vaults:2: nicolae_vaults_closet_pinwheel_2, hangedman_vaults_maws,
          nicolae_vaults_storage_closets_1, v_misc_8, nicolae_vaults_stand_back,
          v_misc_10, nicolae_vaults_alarming, nicolae_vaults_closet_pinwheel_4,
          nicolae_vaults_house_3, nicolae_vaults_tetromino_Z_1,
          layout_vaults_chaotic_city
Vaults:3: ontoclasm_vaults_misaligned, v_misc_18,
          minmay_crypt_entry_skeletal_spiral, nicolae_vaults_puzzle_piece,
          vaults_room_grunt_arrival_checkpoint, v_alt_pattern_5,
          nicolae_vaults_turnstiles, nicolae_vaults_quartermaster,
          nicolae_vaults_diagonal_hallway_9, v_misc_4, ontoclasm_vaults_gateway,
          nicolae_vaults_prndl, layout_vaults_ring
Vaults:4: hangedman_vaults_stitches, serial_ice_h, v_alt_pattern_3,
          ontoclasm_vaults_ligature, nicolae_vaults_storage_room_doors,
          nicolae_vaults_doubleplus_tesselated, vaults_room_door_hall,
          nicolae_vaults_closet_pinwheel_6, ontoclasm_vaults_spin,
          nicolae_vaults_hexular_roomagon, hangedman_vaults_river_flow,
          nicolae_vaults_diamond_1, layout_vaults_omnibox, uniq_zenata
Vaults:5: uniq_xtahua, uniq_boris
Crypt:1:  layout_rooms, grunt_crypt_arrival_webbed, grunt_megastairs_3,
          uniq_josephina
Crypt:2:  layout_gridlike
Crypt:3:  david_glass_crypt, layout_gridlike, eino_tiny_chamber
Depths:1: layout_gridville, hell_entry, kennysheep_doodads, nicolae_letterblocks
          [nicolae_letter_subblock, nicolae_letter_subblock,
          nicolae_letter_subblock, nicolae_letter_subblock,
          nicolae_letter_subblock, nicolae_letter_subblock,
          nicolae_letter_subblock, nicolae_letter_subblock,
          nicolae_letter_subblock, nicolae_letter_subblock,
          nicolae_letter_subblock, nicolae_letter_subblock,
          nicolae_letter_subblock, nicolae_letter_subblock,
          nicolae_letter_subblock, nicolae_letter_subblock,
          nicolae_letter_subblock, nicolae_letter_subblock,
          nicolae_letter_subblock, nicolae_letter_subblock,
          nicolae_letter_subblock, nicolae_letter_subblock,
          nicolae_letter_subblock, nicolae_letter_subblock,
          nicolae_letter_subblock]
Depths:2: lemuel_vampire_tower, layout_cave_shapes, pf_coc_iceberg, abyss_entry,
          nicolae_twisty_statue_hallways, grunt_pan_entry_zigzag, minivault_11,
          infiniplex_staircase_zigzag_5
Depths:3: minmay_the_grid_octo_tiled_squarecenter_mashed
          [minmay_the_grid_octo_tetromino_candy, minmay_the_grid_octo_toaster,
          minmay_the_grid_octo_shrine, minmay_the_grid_octo_checkerflower,
          minmay_the_grid_square_5x5_megaprize_checkered,
          minmay_the_grid_square_5x5_meh, minmay_the_grid_square_5x5_misaligned,
          minmay_the_grid_square_5x5_hourglass,
          minmay_the_grid_square_5x5_trominoes], layout_basic, hell_entry,
          led_sif_pool, regret_index_abyss_entry_earlier_magic
Depths:4: grunt_profane_halls [grunt_zot_portal, grunt_profane_temple_dis,
          grunt_profane_temple_tar, grunt_profane_temple_coc,
          grunt_profane_temple_geh], abyss_entry, hell_entry
Zot:1:    layout_basic, st_grand_hoard_of_tiamat
Zot:2:    layout_onion, grunt_ministairs_4,
          regret_index_zotdec_glowing_original, regret_index_zotdec_banners
Zot:3:    layout_concentric_octagons, hangedman_zot_decor_unnerving_road,
          regret_index_zotdec_storm_pass, uniq_vv
Zot:4:    kennysheep_blocky_room, layout_misc_corridors, skrybe_zot_glass_2,
          gammafunk_ghost_cemetery, nicolae_lava_and_water
Zot:5:    layout_onion, gammafunk_ghost_mausoleum, st_stairs_1

Skill      XL: |  1  2  3  4  5  6  7  8  9 10 11 12 13 14 15 16 17 18 19 20 21 22 23 24 25 26 27 |
---------------+----------------------------------------------------------------------------------+-----
Fighting       | 4 5 6 7 8 10 12 15 16 18 20 21 | 21.0
Axes           | 3 4 5 6 8 9 11 12 14 16 17 19 20 21 22 | 22.0
Armour         | 4 6 8 9 10 11 13 14 16 18 20 23 25 26 27 | 27.0
Dodging        | 2 4 6 7 10 13 16 18 21 22 24 27 | 27.0
Shields        | 4 6 8 9 10 11 14 16 17 23 | 23.8
Invocations    | 2 4 5 7 8 10 | 10.0
Stealth        | 2 |  2.0
Throwing       | 1 5 7 16 | 16.7

Action                     |  1- 3 |  4- 6 |  7- 9 | 10-12 | 13-15 | 16-18 | 19-21 | 22-24 | 25-27 || total
---------------------------+-------+-------+-------+-------+-------+-------+-------+-------+-------++-------
  Melee: War axe           |    86 |   133 |   235 |   712 |       |       |   222 |       |       ||  1388
         Headbutt          |     5 |    16 |    41 |   163 |   115 |   291 |   366 |   288 |   805 ||  2090
         Broad axe         |       |       |       |    38 |   502 |  1097 |  1115 |   839 |  2004 ||  5595
         Hand axe          |       |       |       |       |       |       |       |       |   299 ||   299
         Unarmed           |       |       |       |       |       |       |       |       |    13 ||    13
  Throw: Dart              |     3 |       |       |       |       |       |       |       |       ||     3
         Stone             |       |       |       |     1 |       |       |       |       |       ||     1
         Javelin           |       |       |       |       |       |    18 |     5 |       |    12 ||    35
 Invoke: Heroism           |       |     2 |     9 |     9 |     3 |     8 |     6 |     2 |     1 ||    40
         Finesse           |       |       |     1 |     4 |     2 |     3 |    11 |     4 |    14 ||    39
         Duel              |       |       |       |     1 |       |       |     1 |       |     2 ||     4
         Receive Weapon    |       |       |       |     1 |       |       |       |       |       ||     1
         Receive Armour    |       |       |       |     1 |       |       |       |       |       ||     1
  Evoke: Wand              |       |       |       |     7 |     4 |       |       |       |    11 ||    22
    Use: Potion            |       |     1 |     4 |     8 |     3 |     8 |     6 |     3 |    23 ||    56
         Scroll            |       |       |     4 |    14 |     5 |    22 |    10 |     1 |    19 ||    75
   Stab: Invisible         |       |       |       |       |       |       |       |       |    17 ||    17
 Armour: Scale mail        |    63 |    85 |       |       |       |       |       |       |       ||   148
         Leather armour    |       |     2 |   153 |   470 |       |       |       |       |       ||   625
         Plate armour      |       |       |       |    39 |   305 |   621 |   116 |       |       ||  1081
         Crystal plate arm |       |       |       |       |       |       |   567 |   480 |  1773 ||  2820
         Skin              |       |       |       |       |       |       |       |       |     2 ||     2
  Dodge: Dodged            |    56 |    49 |    99 |   322 |    97 |   205 |   247 |   185 |   887 ||  2147
         Repelled          |       |       |       |       |     8 |    85 |    98 |    50 |    67 ||   308
  Block: Buckler           |    15 |    20 |    42 |    82 |       |       |       |       |       ||   159
         Kite shield       |       |       |       |   251 |   242 |   725 |   854 |   548 |  1843 ||  4463

Table legend: (Time is in decaauts)
 A = Elapsed time spent in this place.
 B = Non-inter-level travel time spent in this place.
 C = Inter-level travel time spent in this place.
 D = Time resting spent in this place.
 E = Time spent auto-exploring this place.
 F = Levels seen in this place.
 G = Mean time per level.
                   A        B        C        D        E       F      G
               +--------+--------+--------+--------+--------+-----+--------+
         Total |  78448 |  69764 |   8684 |  17521 |  25574 |  63 | 1245.2 |
       Dungeon |  19619 |  16837 |   2782 |   2542 |  10011 |  15 | 1307.9 |
          Lair |   8905 |   6994 |   1911 |   1664 |   3186 |   5 | 1781.0 |
        Shoals |   3342 |   3086 |    256 |    909 |    964 |   4 |  835.5 |
     Snake Pit |   6082 |   5592 |    490 |   1644 |   1673 |   4 | 1520.5 |
    Slime Pits |   3619 |   3497 |    122 |   1699 |     36 |   5 |  723.8 |
  Orcish Mines |   1876 |   1636 |    240 |    230 |    829 |   2 |  938.0 |
   Elven Halls |   5340 |   4851 |    489 |   1589 |    996 |   3 | 1780.0 |
        Vaults |   7745 |   6947 |    798 |   1239 |   3477 |   5 | 1549.0 |
         Crypt |   1753 |   1621 |    132 |     95 |    851 |   3 |  584.3 |
        Depths |  12063 |  11124 |    939 |   4543 |   3368 |   4 | 3015.8 |
           Zot |   6902 |   6381 |    521 |   1096 |      0 |   5 | 1380.4 |
         Abyss |    548 |    548 |      0 |    159 |      0 |   1 |  548.0 |
         Sewer |    340 |    340 |      0 |     26 |    182 |   1 |  340.0 |
      Ice Cave |    156 |    156 |      0 |     67 |      0 |   1 |  156.0 |
      Gauntlet |     85 |     85 |      0 |      0 |      0 |   1 |   85.0 |
         Arena |     68 |     68 |      0 |     17 |      0 |   4 |   17.0 |
               +--------+--------+--------+--------+--------+-----+--------+

Top non-repeatable levels by time:
Depths:4: 4518 daAuts
Depths:3: 3522 daAuts
  Lair:1: 2651 daAuts
Depths:2: 2317 daAuts
Vaults:4: 2316 daAuts
 Snake:4: 2271 daAuts
   Elf:2: 2149 daAuts
  Lair:5: 2109 daAuts
Vaults:2: 1997 daAuts
Vaults:3: 1921 daAuts
    D:10: 1881 daAuts
   Zot:1: 1809 daAuts
  Lair:3: 1745 daAuts
   Elf:1: 1712 daAuts
  Lair:2: 1706 daAuts
